 Dungeon Crawl Stone Soup version 0.30.0-15-g856e2d3f33 (webtiles) character file.

Game seed: 11094056525891703014

21208 unlimited1921 the Thaumaturge (level 13, -6/78 HPs)
             Began as a Djinni Fire Elementalist on May 18, 2023.
             Was a Priest of Qazlal.
             Mangled by an ettin
             ... wielding a +0 dire flail
              (18 damage)
             ... on level 2 of the Orcish Mines.
             The game lasted 01:49:08 (20334 turns).

unlimited1921 the Thaumaturge (DjFE)               Turns: 20334, Time: 01:49:09

Health: -6/78      AC: 21    Str:  7    XL:     13   Next: 18%
Gold:   464        EV: 10    Int: 21    God:    Qazlal [***...] SH:  9 Dex: 15

rFire   + + +        S - +0 longbow (flame)
rCold   x . .        (shield currently unavailable)
rNeg    . . .        T - +7 chain mail "Demel" {rF+ Stlth+}
rPois   ∞            (no helmet)
rElec   .            f - +0 cloak {Stlth+}
rCorr   .            s - +2 pair of gloves
SInv    .            (boots unavailable)
Will    +....        P - amulet of reflection
Stlth   ++           i - +5 ring of evasion
HPRegen 0.33/turn    z - ring of protection from fire
MPRegen 0.00/turn

%: reflection, infuse magic (-7 HP)
@: flying
A: sickness immunity, fire resistance 2, cold vulnerability 1, float, innate
caster, HP casting, extra vitality 1
a: Renounce Religion, Upheaval, Elemental Force


You were on level 2 of the Orcish Mines.
You worshipped Qazlal.
Qazlal was most pleased with you.
You visited 2 branches of the dungeon, and saw 12 of its levels.
You also visited: Volcano.

You collected 1331 gold pieces.
You spent 867 gold pieces at shops.

Inventory:

Hand Weapons
 B - the +8 hand axe of Edakhij {spect, rC+ rCorr Int-5}
   (You found it on level 10 of the Dungeon)

   Int:       It affects your intelligence (-5).
   rC:        It protects you from cold.
   rCorr:     It protects you from acid and corrosion.
 E - a +1 morningstar of protection
 G - the +1 scimitar of Xasiclet {elec, rN++ Str+3 Dex-5}
   (You found it on level 7 of the Dungeon)

   Str:       It affects your strength (+3).
   Dex:       It affects your dexterity (-5).
   rN:        It greatly protects you from negative energy.
 H - a +1 short sword of freezing
 I - a +3 trident
 J - a +4 dagger of freezing
 L - a +0 long sword of distortion
 S - a +0 longbow of flaming (weapon)
Missiles
 g - 73 poisoned darts
 t - 2 silver boomerangs
 A - 3 curare-tipped darts
 M - 3 datura-tipped darts
Armour
 f - a +0 cloak of stealth (worn)
 s - a +2 pair of gloves (worn)
 v - a +1 leather armour of fire resistance
 C - a +2 scale mail of cold resistance
 D - a +0 chain mail
 T - the +7 chain mail "Demel" (worn) {rF+ Stlth+}
   (You bought it in a shop on level 2 of the Orcish Mines)

   rF:        It protects you from fire.
   Stlth:     It makes you more stealthy.
 U - a +0 helmet
Jewellery
 i - a +5 ring of evasion (left hand)
 z - a ring of protection from fire (right hand)
 P - an amulet of reflection (around neck)
Wands
 d - a wand of flame (11)
 l - a wand of polymorph (19)
 o - a wand of charming (22)
Scrolls
 a - 2 scrolls of poison
 b - 2 scrolls of teleportation
 h - 2 scrolls of enchant armour
 k - 3 scrolls of fear {unknown}
 m - 5 scrolls of magic mapping
 p - 2 scrolls of silence
 u - 3 scrolls of blinking {unknown}
 x - a scroll of fog
 y - 2 scrolls of immolation
 K - a scroll of summoning {unknown}
 N - a scroll of acquirement {unknown}
 O - a scroll of brand weapon {unknown}
Potions
 c - 2 potions of resistance {unknown}
 e - a potion of heal wounds
 j - 2 potions of ambrosia {unknown}
 n - a potion of berserk rage
 q - 2 potions of haste
 r - 5 potions of brilliance
 w - a potion of invisibility
 F - 3 potions of cancellation {unknown}
 Q - a potion of magic {unknown}
 R - 2 potions of mutation {unknown}


   Skills:
 + Level 1.7 Fighting
 + Level 0.5 Ranged Weapons
 * Level 5.4 Armour
 + Level 5.2 Dodging
 + Level 4.3 Stealth
 + Level 2.4 Shields
 + Level 1.1 Unarmed Combat
 + Level 14.6 Spellcasting
 + Level 1.4 Evocations


You knew the following spells:

 Your Spells              Type           Power      Damage    Failure   Level
a - Foxfire               Conj/Fire      100%       2x1d9     1%          1
b - Scorch                Fire           100%       2d9       1%          2
c - Volatile Blastmotes   Fire/Tloc      100%       2d18      2%          3
d - Inner Flame           Hex/Fire       67%        N/A       2%          3
e - Flame Wave            Conj/Fire      67%        2d15      9%          4
f - Sandblast             Erth           100%       2d20      1%          1
g - Wereblood             Tmut           67%        N/A       1%          2
h - Portal Projectile     Hex/Tloc       100%       N/A       2%          3
i - Sticky Flame          Conj/Fire      67%        2d8       9%          4
j - Blade Hands           Tmut           33%        N/A       22%         5
k - Alistair's Intoxicat  Tmut/Pois      44%        N/A       22%         5
Your spell library was empty.

Dungeon Overview and Level Annotations

Branches:
Dungeon (10/15)            Temple (0/1) D:6            Lair (0/5) D:10
    Orc (2/2) D:10            Elf (0/3) Orc:2       Volcano (visited)

Altars:
Gozag
Hepliaklqana
Okawaru
Qazlal
Wu Jian
Yredelemnul
Zin
The Shining One

Shops:
D:5 ?   Orc:2 [

Annotations:
D:5 1 runed translucent door, nroviw's ghost, novice DsFi


Innate Abilities, Weirdness & Mutations

You are immune to sickness and miasma.
You are immune to poison.
Your flesh is very heat resistant. (rF++)
You are vulnerable to cold. (rC-)
You float through the air rather than walking.
You learn spells naturally, not from books.
Your magical power is your life essence.
You have superior vitality. (+4 MHP)


Message History

The orc wizard barely misses you.
Casting: Flame Wave (dangerous; 9% risk of failure)
Confirm with . or Enter, or press ? or * to list all spells.
Restarting spell: Flame Wave (dangerous; 9% risk of failure)
Press: ? - help, Dir - look around, f - activate A wave of flame ripples out!
The flame wave engulfs the ettin!
The ettin is heavily wounded.
The flame wave engulfs the orc wizard.
You kill the orc wizard!
Qazlal accepts your kill. (Press . to intensify the flame waves.)
You block the ettin's attack. The ettin hits you but does no damage.
Casting: Flame Wave (dangerous; 9% risk of failure)
Confirm with . or Enter, or press ? or * to list all spells.
You don't know that spell.
Unknown command.
Unknown command.
Casting: Flame Wave (dangerous; 9% risk of failure)
Confirm with . or Enter, or press ? or * to list all spells.
Aiming: Inner Flame (mildly dangerous; 2% risk of failure)
Press: ? - help, Dir - move target, f - orc
Aim: an orc, wielding a +0 club (chance to affect: 99%)
The orc is filled with an inner flame.
You block the ettin's attack. x2
Casting: Inner Flame (mildly dangerous; 2% risk of failure)
Confirm with . or Enter, or press ? or * to list all spells.
Casting: Flame Wave (dangerous; 9% risk of failure)
Press: ? - help, Dir - look around, f - activate A wave of flame ripples out!
The flame wave engulfs something!!
Qazlal accepts your kill.
Reactivating autopickup.
You feel a bit more experienced.
The flame wave engulfs the ettin!!
The ettin is severely wounded. (Press . to intensify the flame waves.)
You block the ettin's attack.
The ettin hits you with a +0 dire flail!!!
* * * LOW HITPOINT WARNING * * *
An orc priest comes into view. It is wielding a +0 short sword.
You block the ettin's attack.
The ettin hits you with a +0 dire flail!!
You die...

...# #..# ### ##...# ##
##.###...# ##.#####
#..$.#...##.# ##....#.###
###............
##.....<[[.###..##..[.o..>..
#...#..#...)#))o..$.........
.#..#...#...@#[..#....#.....
..........[oC°.o...#........
.........[.[[....).......#..
.........................##.
#.......[...#.$.$#########
#......)..[##)...# #..
##.#.......)[....# #..
##........[[o...# #..
####......[).....# #..


You could see an ettin, an orc high priest, 2 orc priests and an orc (inner
flame).

Vanquished Creatures
  An orc warlord (Orc:2)
  Snorg (Orc:1)
  Erolcha (D:9)
  3 orc high priests (Orc:2)
  2 skeletal warriors (Volcano)
  2 orc knights (Orc:2)
  4 orc sorcerers (Orc:2)
  A manticore (D:8)
  7 centaur zombies (D:10)
  An unseen horror zombie (D:10)
  3 gargoyles (Volcano)
  A troll (Orc:2)
  A hornet (D:10)
  A harpy skeleton (Volcano)
  3 slime creatures
  3 flying skulls (Volcano)
  An alligator skeleton (Volcano)
  A wyvern (D:10)
  A wraith (D:10)
  A shadow (D:9)
  2 vampire mosquitoes (D:10)
  A steam dragon (D:8)
  4 wargs
  A water moccasin (D:6)
  A swamp drake (D:10)
  22 orc warriors
  3 ice beasts
  7 centaurs
  5 ogres
  4 kobold brigands
  Blork the orc (D:4)
  2 bullfrogs
  2 scorpions (D:5)
  6 wights
  8 killer bees
  7 howler monkeys
  2 spriggan skeletons (Volcano)
  A troll skeleton (Volcano)
  An electric eel (D:8)
  3 jellies
  15 orc priests
  A gnoll bouda (D:10)
  A hound (D:6)
  A sleepcap (D:6)
  4 iguanas
  18 orc wizards
  2 howler monkey zombies (D:10)
  9 adders
  9 gnolls
  2 shadow imps (D:8)
  2 ufetubi
  2 worms
  75 orcs
  2 endoplasms
  2 giant cockroaches
  39 goblins
  31 hobgoblins
  6 jackals (D:1)
  2 quokkas
  18 ball pythons
  3 bats
  5 frilled lizards
  24 kobolds
  10 rats
405 creatures vanquished.

Vanquished Creatures (others)
  A vampire mosquito (D:10)
  A killer bee (D:8)
  1056 foxfires
1058 creatures vanquished.

Grand Total: 1463 creatures vanquished

Notes
Turn   | Place    | Note
-------+----------+-------------------------------------------
     0 | D:1      | unlimited1921 the Djinni Fire Elementalist began the quest
                  | for the Orb.
     0 | D:1      | unlimited1921 set off with the following spells memorised:
                  | Foxfire, Scorch, Volatile Blastmotes, Inner Flame, Flame
                  | Wave.
     0 | D:1      | Reached XP level 1. HP: 15/15 MP: 0/0
   428 | D:1      | Reached XP level 2. HP: 19/21 MP: 0/0
   885 | D:1      | Reached skill level 3 in Spellcasting
   885 | D:1      | Reached XP level 3. HP: 21/25 MP: 0/0
   885 | D:1      | Learned a level 1 spell: Sandblast
  1871 | D:1      | Got the Dissertation on Algid Evolution
  2132 | D:2      | Reached XP level 4. HP: 29/31 MP: 0/0
  3365 | D:3      | Reached XP level 5. HP: 32/35 MP: 0/0
  3365 | D:3      | Learned a level 2 spell: Wereblood
  3722 | D:3      | Reached skill level 4 in Spellcasting
  3772 | D:3      | Found a faded altar of an unknown god.
  4255 | D:4      | Noticed Blork the orc
  4270 | D:4      | Killed Blork the orc
  4271 | D:4      | Reached XP level 6. HP: 35/40 MP: 0/0
  5147 | D:4      | Found a glowing golden altar of the Shining One.
  5483 | D:5      | Entered Level 5 of the Dungeon
  5550 | D:5      | Reached skill level 1 in Armour
  5581 | D:5      | Found an ornate altar of the Wu Jian Council.
  5585 | D:5      | Noticed an ice beast
  5592 | D:5      | Killed an ice beast
  5593 | D:5      | Reached skill level 5 in Spellcasting
  5593 | D:5      | Reached XP level 7. HP: 41/45 MP: 0/0
  5593 | D:5      | Learned a level 3 spell: Portal Projectile
  5756 | D:5      | Found Midep's Magic Scroll Emporium.
  6084 | D:5      | Bought a scroll of teleportation for 36 gold pieces
  6084 | D:5      | Bought a scroll of identify for 24 gold pieces
  6084 | D:5      | Bought a scroll of enchant armour for 90 gold pieces
  6133 | D:5      | Found a runed translucent door.
  6133 | D:5      | Noticed nroviw's ghost (novice DsFi)
  7558 | D:5      | Reached skill level 6 in Spellcasting
  7558 | D:5      | Reached XP level 8. HP: 33/50 MP: 0/0
  8346 | D:6      | Reached skill level 7 in Spellcasting
  8797 | D:6      | Found a staircase to the Ecumenical Temple.
  8829 | D:6      | Reached XP level 9. HP: 50/55 MP: 0/0
  8829 | D:6      | Learned a level 4 spell: Sticky Flame
  9183 | D:7      | Reached skill level 8 in Spellcasting
  9600 | D:7      | Found a glowing silver altar of Zin.
  9821 | D:7      | You are sucked into a shaft and drop 3 floors!
  9821 | D:10     | Entered Level 10 of the Dungeon
  9831 | D:10     | Identified the +8 hand axe of Edakhij {spect, rC+ rCorr
                  | Int-5}
 10047 | D:10     | Found a staircase to the Lair.
 10061 | D:10     | Reached skill level 9 in Spellcasting
 11374 | D:7      | Reached XP level 10. HP: 51/60 MP: 0/0
 11505 | D:7      | Identified the +1 scimitar of Xasiclet {elec, rN++ Str+3
                  | Dex-5}
 11774 | D:8      | Found an opulent altar of Gozag.
 11856 | D:8      | Reached skill level 10 in Spellcasting
 12081 | D:8      | Noticed a manticore
 12352 | D:8      | Found a hazy altar of Hepliaklqana.
 12550 | D:8      | Killed a manticore
 13116 | D:9      | Found a stormy altar of Qazlal.
 13124 | D:9      | Became a worshipper of Qazlal Stormbringer
 13151 | D:9      | Noticed Erolcha
 13159 | D:9      | Killed Erolcha
 13160 | D:9      | Reached skill level 11 in Spellcasting
 13162 | D:9      | Found an iron altar of Okawaru.
 13501 | D:9      | Reached XP level 11. HP: 45/66 MP: 0/0
 13501 | D:9      | Learned a level 5 spell: Blade Hands
 15043 | D:10     | Reached skill level 12 in Spellcasting
 15159 | D:10     | Found a basalt altar of Yredelemnul.
 15179 | D:10     | Reached * piety under Qazlal
 15182 | D:10     | Reached skill level 1 in Fighting
 15313 | D:10     | Identified the ring "Jossosomp" {rPois Will++ Dex-5 Slay+2}
 16056 | D:10     | Found a staircase to the Orcish Mines.
 16438 | Orc:1    | Entered Level 1 of the Orcish Mines
 16456 | Orc:1    | Found a dark tunnel.
 16456 | Orc:1    | Noticed Snorg
 16463 | Orc:1    | Killed Snorg
 16530 | Orc:1    | Reached XP level 12. HP: 57/72 MP: 0/0
 16734 | Volcano  | Entered a volcano
 16780 | Volcano  | Reached skill level 13 in Spellcasting
 16936 | Volcano  | Reached skill level 1 in Shields
 17114 | Volcano  | Reached ** piety under Qazlal
 17624 | Volcano  | Noticed a skeletal warrior
 17634 | Volcano  | Killed a skeletal warrior
 17635 | Volcano  | Reached skill level 1 in Unarmed Combat
 17752 | Volcano  | Noticed a skeletal warrior
 17780 | Volcano  | Killed a skeletal warrior
 18063 | Orc:2    | Entered Level 2 of the Orcish Mines
 18076 | Orc:2    | Noticed an orc high priest
 18128 | Orc:2    | Reached skill level 1 in Evocations
 18349 | Orc:2    | Noticed a sixfirhy
 18493 | Orc:2    | Killed an orc high priest
 18615 | Orc:2    | Noticed an orc warlord
 18637 | Orc:2    | Killed an orc warlord
 18638 | Orc:2    | Reached skill level 5 in Dodging
 19053 | Orc:2    | Reached skill level 14 in Spellcasting
 19330 | Orc:2    | Noticed an orc high priest
 19342 | Orc:2    | Killed an orc high priest
 19411 | Orc:2    | Found Butast's Armour Shoppe.
 19417 | Orc:2    | Bought a +0 chain mail for 49 gold pieces
 19467 | Orc:2    | Bought the +7 chain mail "Demel" {rF+ Stlth+} for 619 gold
                  | pieces
 19467 | Orc:2    | Bought a +0 helmet for 49 gold pieces
 19533 | Orc:2    | Reached skill level 5 in Armour
 19536 | Orc:1    | Reached *** piety under Qazlal
 19748 | Orc:2    | Reached XP level 13. HP: 60/78 MP: 0/0
 19748 | Orc:2    | Learned a level 5 spell: Alistair's Intoxication
 19927 | Orc:2    | Noticed an ettin
 19942 | Orc:2    | Found a staircase to the Elven Halls.
 20334 | Orc:2    | Mangled by an ettin

Illustrated notes

Levels and vault maps discovered:
D:1:      dpeg_arrival_ratfight, layout_rooms, dreamdust_princess_corridor
D:2:      layout_rooms, guppyfry_early_lair_pool
D:3:      layout_basic, hellmonk_ecumenical_altar_heavens_door,
          minmay_shallow_snake_nest
D:4:      layout_cave_pools, kennysheep_mini_moat, minmay_ruptured,
          uniq_blork_the_orc
D:5:      minmay_goblin_kobold_castle, layout_rooms, old_standard_altar,
          gammafunk_ghost_grave, serial_shops, shop
D:6:      layout_rooms, minmay_temple_entry_junction
D:7:      minmay_chambers_of_fours, layout_loops_ring,
          mainiacjoe_overflow_brackets, grunt_ogre_cave, kennysheep_path_1
D:8:      layout_basic, nicolae_overflow_crystal_walls, old_standard_altar,
          serial_glass, glass_columns_a, glass_columns_c, due_unseen_surprise
D:9:      layout_irregular_city, grunt_qazlal_clouds, okawaru_metal_pillars_1_2,
          eino_small_chamber_without_monster, uniq_erolcha
D:10:     layout_loops_corners, nicolae_yredelemnul_corpse_copse,
          erik_lair_orcish_takeover, erik_orc_1
Orc:1:    layout_diamond_mine, enter_volcano_1, uniq_snorg
Orc:2:    st_orc_congregation, layout_caves, serial_shops,
          nicolae_shop_back_alley_shop, kennysheep_orc_sif_temple

Skill      XL: |  1  2  3  4  5  6  7  8  9 10 11 12 |
---------------+-------------------------------------+-----
Spellcasting   | 3 4 5 6 7 9 11 12 14 | 14.6
Stealth        | 2 3 4 |  4.3
Armour         | 1 2 3 4 5 |  5.4
Dodging        | 3 4 5 |  5.2
Fighting       | 1 |  1.7
Shields        | 2 |  2.4
Unarmed Combat | 1 |  1.1
Evocations     | 1 |  1.4
Ranged Weapons | |  0.5

Action                     |  1- 3 |  4- 6 |  7- 9 | 10-12 | 13-15 || total
---------------------------+-------+-------+-------+-------+-------++-------
  Melee: Unarmed           |       |     1 |       |    27 |       ||    28
         Punch             |       |       |       |     1 |       ||     1
   Fire: Longbow           |       |       |       |     4 |     2 ||     6
  Throw: Throwing net      |       |       |       |     1 |       ||     1
   Cast: Foxfire           |    63 |   128 |   202 |   237 |    12 ||   642
         Scorch            |     7 |    18 |    37 |   103 |     4 ||   169
         Inner Flame       |       |     2 |    23 |    75 |    10 ||   110
         Volatile Blastmot |       |     1 |     4 |    10 |     1 ||    16
         Portal Projectile |       |       |     2 |     1 |       ||     3
         Sandblast         |       |       |     5 |    16 |     2 ||    23
         Flame Wave        |       |       |     4 |    18 |    14 ||    36
         Sticky Flame      |       |       |     2 |    15 |       ||    17
         Blade Hands       |       |       |       |     3 |       ||     3
  Evoke: Wand              |       |       |       |     8 |       ||     8
    Use: Scroll            |       |       |    15 |     4 |     2 ||    21
         Potion            |       |       |       |     6 |     1 ||     7
 Armour: Robe              |     2 |       |       |       |       ||     2
         Leather armour    |       |       |    17 |    46 |       ||    63
         Chain mail        |       |       |       |     7 |     8 ||    15
  Dodge: Dodged            |     9 |     6 |    58 |   142 |    20 ||   235
  Block: Other             |       |       |       |    28 |    19 ||    47
         Reflection        |       |       |       |     3 |     1 ||     4
